Map: Проводка РВ

Players

IIIIIIIIIIII

  • Race: Protoss Protoss
  • League: Grandmaster
  • Spawn Location: 1:00

Nicoract - Winner!

  • Race: Terran Terran
  • League: Grandmaster
  • Spawn Location: 7:00

VOD

Have the link to the VOD?

Description

Time

  • Played on: July 6, 2022, 2:09 p.m.
  • Length: 6:40
Show
View Real Time Build Order
Export as new Build Order

IIIIIIIIIIII Protoss 

Build Orders: Phoenix Opening 

Get SALT Encoding   

  12  0:00  Probe  
  13  0:12  Probe  
  14  0:19  Pylon  
  14  0:24  Probe  
  15  0:37  Probe (Chrono Boost)  
  15  0:38  Gateway  
  17  0:50  Probe (Chrono Boost), Assimilator  
  17  0:56  Probe (Chrono Boost)  
  18  0:59  Pylon  
  18  1:04  Probe  
  19  1:16  Probe  
  20  1:25  Cybernetics Core  
  20  1:26  Zealot  
  22  1:52  Nexus  
  22  1:59  Assimilator  
  22  2:00  Adept (Chrono Boost)  
  23  2:07  Shield Battery  
  24  2:09  Probe  
  25  2:20  Adept (Chrono Boost)  
  25  2:21  Probe  
  28  2:36  Stargate, Probe  
  29  2:48  Probe  
  29  2:49  Warp Gate  
  30  3:01  Pylon  
  30  3:02  Probe  
  30  3:04  Probe  
  32  3:14  Probe  
  32  3:17  Probe  
  34  3:26  Probe  
  31  3:29  Probe  
  31  3:31  Phoenix (Chrono Boost)  
  34  3:38  Probe  
  35  3:41  Probe  
  36  3:48  Phoenix (Chrono Boost)  
  36  3:50  Probe  
  36  3:54  Gateway, Probe  
  40  3:56  Gateway  
  40  4:02  Probe  
  41  4:05  Phoenix (Chrono Boost)  
  41  4:06  Probe  
  44  4:17  Probe  
  44  4:18  Probe  
  44  4:23  Phoenix (Chrono Boost)  
  48  4:28  Nexus  
  48  4:31  Pylon  
  48  4:37  Twilight Council  
  48  4:46  Forge  
  48  4:47  Phoenix  
  48  4:49  Probe x2  
  52  5:02  Probe x2  
  54  5:13  Adept x3  
  60  5:17  Probe  
  61  5:24  Shield Battery  
  61  5:28  Pylon  
  61  5:38  Pylon  
  61  5:40  Adept x2, Zealot  
  68  5:50  Probe  
  68  5:55  Probe x2  
  70  5:58  Shield Battery  
  70  6:03  Pylon  
  70  6:04  Stalker x2  
  74  6:05  Adept  
  74  6:18  Pylon  
  72  6:21  Gateway  
  72  6:22  Gateway  
  72  6:25  Gateway  
  71  6:28  Gateway  
  63  6:35  Stalker  
Show
View Real Time Build Order
Export as new Build Order

Nicoract Terran - Winner!

Build Orders: Reaper Expand 

Get SALT Encoding   

  12  0:00  SCV  
  13  0:12  SCV  
  14  0:17  Supply Depot  
  14  0:24  SCV  
  15  0:38  SCV  
  15  0:40  Barracks  
  16  0:43  Refinery  
  16  0:50  SCV  
  17  1:03  SCV  
  18  1:15  SCV  
  19  1:28  Reaper, Orbital Command  
  20  1:46  Command Center  
  20  1:54  Supply Depot  
  20  1:55  SCV  
  21  2:04  Marine  
  21  2:05  Bunker  
  22  2:08  SCV  
  23  2:18  Factory  
  23  2:25  Barracks Reactor  
  23  2:28  SCV  
  24  2:30  Refinery  
  24  2:40  SCV  
  25  2:52  SCV  
  25  2:58  Orbital Command  
  26  3:01  Factory Tech Lab  
  26  3:03  Marine x2  
  26  3:04  SCV  
  26  3:05  Starport  
  29  3:20  Marine x2  
  29  3:25  Cyclone  
  33  3:34  SCV  
  33  3:35  SCV  
  33  3:39  Supply Depot, Marine x2  
  37  3:42  Starport Tech Lab  
  37  3:48  SCV x2  
  39  3:52  Supply Depot  
  39  4:00  SCV x2  
  39  4:01  Marine  
  42  4:06  Siege Tank  
  48  4:20  Marine  
  48  4:21  Marine  
  48  4:22  Viking  
  48  4:24  SCV, Supply Depot  
  48  4:26  SCV  
  50  4:38  Siege Tank, Marine x2  
  50  4:39  Supply Depot  
  50  4:42  SCV x2  
  57  4:52  Viking  
  59  4:55  Supply Depot  
  59  4:56  SCV x2, Marine x2  
  63  5:04  Supply Depot  
  63  5:08  SCV x2  
  63  5:13  Siege Tank  
  68  5:18  Marine  
  68  5:19  Marine, Supply Depot  
  68  5:20  SCV x2  
  72  5:24  Viking  
  74  5:29  Supply Depot  
  74  5:32  SCV x2  
  72  5:40  Marine x2  
  74  5:44  SCV  
  74  5:45  SCV, Siege Tank  
  74  5:48  Supply Depot  
  79  5:56  SCV  
  79  5:57  SCV  
  81  5:59  Viking  
  82  6:05  Bunker x2  
  82  6:09  SCV x2  
  84  6:11  Marine x2  
  86  6:21  SCV x2  
Tags
 
Add a new tag
Caveats
  • Supply blocks, unpowered buildings, or Contaminate may cause inaccurate times.
  • Supply counts are checked every 10 seconds.